 Dungeon Crawl Stone Soup version 0.25.1-8-g42b30a86e7 (webtiles) character file.

Game seed: 2753385449533338250

51 Descartes the Sneak (level 3, -1/15 HPs)
             Began as a Felid Wanderer on Dec 15, 2020.
             Killed by nerve-wracking pain
             ... invoked by Jessica
              (3 damage)
             ... on level 2 of the Dungeon.
             The game lasted 00:02:02 (1113 turns).

Descartes the Sneak (Felid Wanderer)                Turns: 1113, Time: 00:02:02

Health: -1/15      AC:  1    Str:  7    XL:     3   Next: 57%
Magic:  4/4        EV: 21    Int: 12    God:
Gold:   100        SH:  0    Dex: 18    Spells: 2/2 levels left
                                        Lives:  0   Deaths: 0

rFire    . . .     SeeInvis +     - Unarmed
rCold    . . .     Gourm    .   (shield unavailable)
rNeg     . . .     Faith    .   (armour unavailable)
rPois    .         Spirit   .   (helmet unavailable)
rElec    .         Reflect  .   (cloak unavailable)
rCorr    .         Harm     .   (gloves unavailable)
MR       .....                  (boots unavailable)
Stlth    ++++......             (no amulet)
HPRegen  0.05/turn              (no ring)
MPRegen  0.09/turn              (no ring)

@: quick
A: very small, no armour, no weapons or thrown items, stealth, claws 1, fangs 3,
see invisible, carnivore, speed 1, shaggy fur 1, slow metabolism 1, sharp paws
a: no special abilities


You were on level 2 of the Dungeon.
You were completely stuffed.

You visited 1 branch of the dungeon, and saw 2 of its levels.

You collected 100 gold pieces.

Inventory:

Missiles
 h - 72 stones
Scrolls
 b - 2 scrolls of fear
 d - 3 scrolls of teleportation
 e - a scroll of identify {unknown}
 g - 2 scrolls of enchant armour {unknown}
 l - a scroll of enchant weapon {unknown}
 n - a scroll of amnesia {unknown}
 o - a scroll of immolation {unknown}
 p - 2 scrolls of remove curse {unknown}
Potions
 a - a potion of haste
 c - a potion of lignification
 i - a potion of brilliance {unknown}
 k - a potion of curing {unknown}
 m - a potion of stabbing {unknown}
Comestibles
 f - 4 rations
 j - 5 chunks of flesh


   Skills:
 - Level 1.0 Fighting
 + Level 5.0 Dodging
 + Level 5.5 Stealth
 + Level 3.0 Unarmed Combat


You had 2 spell levels left.
You didn't know any spells.
Your spell library was empty.

Dungeon Overview and Level Annotations

Branches:
Dungeon (2/15)

Altars:

Annotations:
D:2 Jessica, Sigmund


Innate Abilities, Weirdness & Mutations

You cannot wear armour.
You are incapable of wielding weapons or throwing items.
Your paws allow you to move quietly. (Stealth)
You have sharp claws.
You have razor-sharp teeth.
You have supernaturally acute eyesight. (SInv)
You are carnivorous and can eat meat at any time.
You cover ground quickly.
You are covered in fur. (AC +1)
You have a slow metabolism.
Your sharp claws are effective at attacking unaware monsters.


Message History

No target in view!
No target in view!
Found 11 gold pieces.
Jessica shouts!
Jessica drinks a potion.
Jessica suddenly seems more resistant.
Jessica casts a spell at you. Pain shoots through your body!
Ouch! That really hurt!
* * * LOW HITPOINT WARNING * * *
You are too injured to fight recklessly!
You are too injured to fight recklessly!
You scratch Jessica. Your bite misses Jessica.
Jessica is heavily wounded.
Jessica casts a spell.
Jessica seems to speed up.
You closely miss Jessica.
Jessica is heavily wounded.
Jessica points at you and mumbles some strange words.
Pain shoots through your body!
You die...

#...####..... ...
##..... ... .#
#....<. .. ..#
#....### ..
#.........
#.####.$........
#.#....# #.###.#
#@#....# #w
#.@....#.#
##...$.....(#
##.....####... #.
#.......###...#..
#####.......#...#####
#...................
#...!.........######
#.............######
#...................


You could see Jessica (fast, resistant).

Vanquished Creatures
  An adder (D:2)
  An ooze (D:1)
  A worm (D:2)
  A leopard gecko (D:1)
  4 giant cockroaches (D:1)
  A goblin (D:1)
  9 hobgoblins
  4 bats
  4 frilled lizards
  2 kobolds
  5 rats (D:1)
33 creatures vanquished.

Notes
Turn   | Place    | Note
-------+----------+-------------------------------------------
     0 | D:1      | Descartes the Felid Wanderer began the quest for the Orb.
     0 | D:1      | Descartes set off with the following items: a potion of
                  | haste, a scroll of fear, a potion of lignification, a
                  | scroll of teleportation, a ration
     0 | D:1      | Reached XP level 1. HP: 9/9 MP: 2/2
    98 | D:1      | Reached XP level 2. HP: 9/12 MP: 3/3
   646 | D:1      | Reached skill level 5 in Stealth
   708 | D:1      | Reached XP level 3. HP: 15/15 MP: 4/4
   927 | D:2      | Reached skill level 5 in Dodging
   972 | D:2      | Noticed Sigmund
  1105 | D:2      | Noticed Jessica
  1113 | D:2      | Killed from afar by Jessica

Illustrated notes

Levels and vault maps discovered:
D:1:      dpeg_arrival_three_same_balls, layout_basic, columned_hall_lemuel
D:2:      layout_rooms, uniq_sigmund, uniq_jessica

Skill      XL: |  1  2  3 |
---------------+----------+-----
Stealth        | 5 |  5.5
Dodging        | 5 |  5.0
Fighting       | |  1.0
Unarmed Combat | |  3.0

Action                   || total
-------------------------++-------
Melee: Unarmed           ||    68
       Bite              ||     5
       Punch             ||     1
 Stab: Sleeping          ||    14
  Eat: Chunk             ||     8
Armor: Skin              ||     1
Dodge: Dodged            ||    51
